 Dungeon Crawl Stone Soup version 0.30-a0-339-g89bb51ec76 (webtiles) character file.

Game seed: 13089765323418972688

15907 orus the Blocker (level 12, -8/63 HPs)
             Began as a Vine Stalker Fighter on Oct 31, 2022.
             Was an Elder of Qazlal.
             Mangled by a water elemental (11 damage)
             ... on level 14 of the Dungeon.
             The game lasted 00:25:15 (11085 turns).

orus the Blocker (Vine Stalker Fighter)            Turns: 11085, Time: 00:25:16

Health: -8/63      AC: 18    Str: 26    XL:     12   Next: 31%
Magic:  0/13       EV:  9    Int:  8    God:    Qazlal [****..]
Gold:   843        SH: 23    Dex: 18    Spells: 11/11 levels left

rFire   . . .      SeeInvis .    z - +2 short sword (freeze)
rCold   . . .      Faith    .    S - +0 tower shield
rNeg    . . .      Spirit   +    q - +0 plate armour
rPois   .          Reflect  .    b - +0 helmet
rElec   .          Harm     .    l - +0 cloak
rCorr   .          Rampage  .    E - +0 pair of gloves
Will    +....                    (no boots)
Stlth   ..........               (no amulet)
HPRegen 1.10/turn                x - +4 ring of evasion
MPRegen 0.13/turn                J - +6 ring of strength

@: mighty, about to teleport, repel missiles
A: fangs 3, regeneration 1, magic shield, antimagic bite, no potion heal 2
a: Renounce Religion, Upheaval, Elemental Force


You were on level 14 of the Dungeon.
You worshipped Qazlal.
Qazlal was greatly pleased with you.
You visited 2 branches of the dungeon, and saw 15 of its levels.
You also visited: Sewer and Ossuary.

You collected 869 gold pieces.
You spent 26 gold pieces at shops.

Inventory:

Hand Weapons
 z - a +2 short sword of freezing (weapon)
Armour
 b - a +0 helmet (worn)
 h - +0 acid dragon scales
 i - a scarf of invisibility
 l - a +0 cloak (worn)
 o - a +1 leather armour of fire resistance
 q - a +0 plate armour (worn)
 E - a +0 pair of gloves (worn)
 F - a +2 scale mail of cold resistance
 S - a +0 tower shield (worn)
Jewellery
 c - a ring of magical power
 d - a ring of resist corrosion
 v - a +6 ring of dexterity
 x - a +4 ring of evasion (left hand)
 H - a ring of positive energy
 J - a +6 ring of strength (right hand)
 T - a ring of protection from fire
Wands
 k - a wand of mindburst (9)
 A - a wand of paralysis (2)
 U - a wand of light (2)
 W - a wand of polymorph (3)
 X - a wand of roots (3)
 Y - a wand of flame (20)
Scrolls
 e - 3 scrolls of noise
 j - a scroll of silence {unknown}
 t - 4 scrolls of poison
 u - 3 scrolls of fear
 y - a scroll of enchant weapon {unknown}
 B - a scroll of brand weapon {unknown}
 C - 6 scrolls of enchant armour
 D - 2 scrolls of immolation {unknown}
 G - 4 scrolls of magic mapping
 I - a scroll of teleportation
 L - a scroll of torment {unknown}
 Q - 2 scrolls of butterflies {unknown}
 R - 2 scrolls of amnesia {unknown}
 Z - a scroll of acquirement {unknown}
Potions
 a - 2 potions of mutation {unknown}
 f - 2 potions of attraction
 g - 10 potions of curing
 m - 5 potions of ambrosia
 n - 4 potions of haste
 p - 4 potions of invisibility
 r - 3 potions of cancellation
 s - 5 potions of resistance
 w - 4 potions of lignification
 K - 2 potions of brilliance
 M - a potion of flight {unknown}
 O - 2 potions of magic
 P - a potion of might
 V - a potion of berserk rage {unknown}


   Skills:
 * Level 7.6 Fighting
 * Level 10.1 Short Blades
 * Level 8.6 Armour
 + Level 1.0 Dodging
 + Level 1.7 Stealth
 * Level 10.3 Shields
 + Level 1.5 Evocations


You had 11 spell levels left.
You didn't know any spells.
Your spell library contained the following spells:

 Spells                   Type           Power      Damage    Failure   Level
 Apportation              Tloc           0%         N/A       100%        1
 Slow                     Hex            0%         N/A       100%        1
 Sublimation of Blood     Necr           0%         N/A       100%        2
 Wereblood                Tmut           0%         N/A       100%        2
 Confusing Touch          Hex            0%         N/A       100%        3
 Dazzling Flash           Conj/Hex       0%         N/A       100%        3
 Gell's Gravitas          Tloc           0%         N/A       100%        3
 Lesser Beckoning         Tloc           0%         N/A       100%        3
 Teleport Other           Tloc           0%         N/A       100%        3
 Vampiric Draining        Necr           0%         2d6       100%        3
 Petrify                  Tmut/Erth      0%         N/A       100%        4
 Agony                    Necr           0%         N/A       100%        5
 Alistair's Intoxication  Tmut/Pois      0%         N/A       100%        5
 Borgnjor's Vile Clutch   Necr/Erth      0%         N/A       100%        5
 Metabolic Englaciation   Hex/Ice        0%         N/A       100%        5
 Silence                  Hex/Air        0%         N/A       100%        5
 Dispersal                Tloc           0%         N/A       100%        6
 Eringya's Noxious Bog    Tmut/Pois      0%         N/A       100%        6
 Statue Form              Tmut/Erth      0%         N/A       100%        6
 Summon Hydra             Summ           0%         N/A       100%        7


Dungeon Overview and Level Annotations

Branches:
Dungeon (14/15)            Temple (1/1) D:4            Lair (0/5) D:10
    Orc (0/2) D:10          Sewer (visited)         Ossuary (visited)
 Vaults: D:13-14

Altars:
Ashenzari
Cheibriados
Dithmenos
Elyvilon
Fedhas
Gozag
Hepliaklqana
Kikubaaqudgha
Makhleb
Nemelex Xobeh
Okawaru
Qazlal
Ru
Sif Muna
Trog
Uskayaw
Vehumet
Wu Jian
Xom
Yredelemnul
Zin
The Shining One
Lugonu

Shops:
D:6 ?   D:10 [

Portals:
Abyss: D:8

Annotations:
D:9 exclusion: ice statue
D:11 2 transporters, exclusion: 2 oklob plants, Peppero's ghost, journeyman DjCj


Innate Abilities, Weirdness & Mutations

You have razor-sharp teeth.
Your natural rate of healing is unusually fast.
When hurt, damage is shared between your health and your magic reserves.
Your bite disrupts and absorbs the magic of your enemies.
Potions cannot restore your health.


Message History

You hit the centaur. You freeze the centaur.
You kill the centaur!
Qazlal accepts your kill.
The centaur warrior shoots an arrow.
You block the arrow.
The centaur shoots an arrow.
The arrow barely misses you.
The centaur is engulfed in freezing vapours.
The centaur hits you.
* * * LOW HITPOINT WARNING * * *
You block the centaur's attack.
The centaur warrior shoots an arrow.
The arrow hits you!
* * * LOW HITPOINT WARNING * * *
The centaur shoots an arrow.
You block the arrow.
Unknown command.
Unknown command.
As you read the scroll of teleportation, it crumbles to dust.
You feel strangely unstable.
The centaur is engulfed in freezing vapours.
You block the centaur's attack. x2; The centaur warrior shoots an arrow.
The arrow hits you.
* * * LOW HITPOINT WARNING * * *
The centaur shoots an arrow.
You block the arrow.
The electric eel shoots out a bolt of lightning at you!
The bolt of electricity hits the water elemental.
The water elemental resists.
The bolt of electricity hits you.
* * * LOW HITPOINT WARNING * * *
A human comes into view.
Unknown command.
Unknown command.
Unknown command.
As you read the scroll of fear, it crumbles to dust.
You assume a fearsome visage.
The centaur warrior resists with some effort.
The centaur looks frightened! x2; The human looks frightened!
The electric eel looks frightened!
The water elemental is unaffected.
The centaur is engulfed in freezing vapours.
You kill the centaur!
Qazlal accepts your kill.
The centaur warrior shoots an arrow.
You block the arrow. The water elemental hits you!
You die...

.......≈≈≈≈~#
~~~~~~~≈S≈~.
.......~~≈.
#~~~~~.~.~$
#c..~...... p
#..c~..~...
~.~.#..§E§.....
~.~.~.)@○.#
..~.####### .


You could see a centaur warrior, a water elemental, a human (fleeing), a centaur
(fleeing) and an electric eel (fleeing).

Vanquished Creatures
  2 two-headed ogres (D:10)
  A tengu warrior (D:12)
  Pikel (D:9)
  3 cyclopes
  An ugly thing (D:11)
  An unseen horror (D:12)
  A kobold demonologist (D:11)
  An efreet (D:12)
  A komodo dragon (D:10)
  A meliai (D:13)
  A troll (D:11)
  A hornet (D:10)
  Grinder (Sewer)
  5 slime creatures (D:11)
  4 wyverns
  Sigmund (D:5)
  2 wraiths
  8 yaks
  3 vampire mosquitoes (D:12)
  2 basilisks (D:12)
  A steam dragon (D:9)
  4 acid dragons
  A water moccasin (D:7)
  Duvessa (D:5)
  2 hornet zombies (Ossuary)
  4 orc warriors
  An ice beast (D:6)
  A black bear (D:6)
  3 ogres
  6 centaurs
  2 phantoms
  6 kobold brigands
  A lemure (D:9)
  2 bullfrogs (D:8)
  2 wyvern zombies (Ossuary)
  2 gnoll sergeants
  2 elf skeletons (D:6)
  4 necrophages
  5 scorpions
  Blork the orc (D:4)
  A water moccasin zombie (Ossuary)
  5 wights
  Dowan (D:5)
  7 howler monkeys
  8 bullfrog zombies (Ossuary)
  2 centaur zombies (Ossuary)
  3 jellies
  16 orc priests
  7 hounds
  2 human zombies (D:6)
  A human skeleton (D:6)
  Natasha (D:3)
  7 orc wizards
  2 killer bee zombies (Ossuary)
  15 mummies (Ossuary)
  2 howler monkey zombies (Ossuary)
  6 gnolls
  5 adders
  2 shadow imps
  A white imp (D:7)
  4 ufetubi (Sewer)
  4 worms
  3 dart slugs
  36 orcs
  10 ball pythons
  A bat zombie (Sewer)
  4 endoplasms
  4 giant cockroaches
  9 goblins
  8 hobgoblins
  3 jackals (D:2)
  30 kobolds
  A quokka (D:1)
  A bat (D:2)
  6 frilled lizards
  2 kobold zombies (Sewer)
  An orc skeleton (D:6)
  4 rats
317 creatures vanquished.

Vanquished Creatures (others)
  2 demonic plants (D:1)
  5 fungi (D:1)
  2 lurking horrors (D:8)
  2 plants (D:1)
  8 withered plants
19 creatures vanquished.

Grand Total: 336 creatures vanquished

Notes
Turn   | Place    | Note
-------+----------+-------------------------------------------
     0 | D:1      | orus the Vine Stalker Fighter began the quest for the Orb.
     0 | D:1      | Reached XP level 1. HP: 11/11 MP: 2/2
    32 | D:1      | Reached XP level 2. HP: 10/16 MP: 3/3
   141 | D:1      | Found a faded altar of an unknown god.
   271 | D:1      | Reached XP level 3. HP: 15/20 MP: 4/4
  1385 | D:3      | Gained mutation: Your natural rate of healing is unusually
                  | fast. [Vine Stalker growth]
  1385 | D:3      | Reached XP level 4. HP: 23/24 MP: 5/5
  2019 | D:3      | Reached XP level 5. HP: 27/28 MP: 4/6
  2119 | D:3      | Noticed Natasha
  2124 | D:3      | Killed Natasha
  2340 | D:4      | Found a glowing drain.
  2342 | D:4      | Noticed Blork the orc
  2349 | D:4      | Killed Blork the orc
  2364 | Sewer    | Entered a sewer
  2462 | Sewer    | Reached XP level 6. HP: 30/32 MP: 5/7
  2500 | Sewer    | Found an ancient bone altar of Kikubaaqudgha.
  2536 | Sewer    | Noticed Grinder
  2548 | Sewer    | Killed Grinder
  2549 | Sewer    | Reached XP level 7. HP: 37/37 MP: 8/8
  2577 | Sewer    | Reached skill level 5 in Short Blades
  2885 | D:4      | Identified the +6 sling of Paper {vorpal, Dex+3}
  2904 | D:4      | Found a staircase to the Ecumenical Temple.
  2910 | Temple   | Entered the Ecumenical Temple
  3198 | D:4      | Found a bloodstained altar of Trog.
  3198 | D:4      | Found a stormy altar of Qazlal.
  3198 | D:4      | Found a shimmering blue altar of Sif Muna.
  3206 | D:4      | Became a worshipper of Qazlal Stormbringer
  3339 | D:4      | Gained mutation: You have razor-sharp teeth. [Vine Stalker
                  | growth]
  3339 | D:4      | Reached XP level 8. HP: 42/42 MP: 9/9
  3907 | D:5      | Entered Level 5 of the Dungeon
  4177 | D:5      | Noticed Sigmund
  4188 | D:5      | Killed Sigmund
  4347 | D:5      | Reached skill level 5 in Armour
  4377 | D:5      | Reached * piety under Qazlal
  4378 | D:5      | Reached XP level 9. HP: 46/46 MP: 10/10
  4594 | D:5      | Noticed Duvessa
  4595 | D:5      | Noticed Dowan
  4608 | D:5      | Killed Duvessa
  4621 | D:5      | Killed Dowan
  4983 | D:6      | Found Witauc's Magic Scroll Shop.
  4993 | D:6      | Bought a scroll of identify for 26 gold pieces
  5036 | D:6      | Reached skill level 5 in Shields
  5279 | D:6      | Found a sand-covered staircase.
  5290 | D:6      | Reached skill level 5 in Fighting
  5293 | Ossuary  | Entered an ossuary
  5487 | Ossuary  | Reached ** piety under Qazlal
  5701 | Ossuary  | Reached XP level 10. HP: 52/52 MP: 11/11
  6477 | D:7      | Reached *** piety under Qazlal
  7268 | D:8      | Found a white marble altar of Elyvilon.
  7285 | D:8      | Found a one-way gate to the infinite horrors of the Abyss.
  7334 | D:8      | Found a corrupted altar of Lugonu.
  7752 | D:9      | Noticed an ice statue
  8003 | D:9      | Noticed Pikel
  8039 | D:9      | Killed Pikel
  8040 | D:9      | Reached XP level 11. HP: 58/58 MP: 12/12
  8555 | D:9      | Reached **** piety under Qazlal
  8753 | D:10     | Entered Level 10 of the Dungeon
  8753 | D:10     | Found Qanac's Antique Armour Emporium.
  8881 | D:10     | Noticed a two-headed ogre
  8891 | D:10     | Killed a two-headed ogre
  8909 | D:10     | Found a staircase to the Orcish Mines.
  8972 | D:10     | Noticed a two-headed ogre
  8981 | D:10     | Killed a two-headed ogre
  9147 | D:10     | Paralysed by a hornet for 3 turns
  9380 | D:10     | Reached skill level 1 in Evocations
  9465 | D:10     | Found a staircase to the Lair.
  9744 | D:11     | Found a transporter.
  9749 | D:11     | Noticed Peppero's ghost (journeyman DjCj)
  9750 | D:11     | Noticed a centaur warrior
  9754 | D:11     | Found a transporter.
  9754 | D:11     | Noticed an oklob plant
  9760 | D:11     | Noticed an oklob plant
  9919 | D:11     | Noticed a red ugly thing
  9935 | D:11     | Killed a red ugly thing
  9955 | D:11     | Identified the +2 leather armour of Ludyuf {*Corrode rPois
                  | Dex+3 SInv}
  9981 | D:11     | Reached skill level 1 in Stealth
 10033 | D:11     | Noticed a manticore
 10375 | D:12     | Noticed a cyclops
 10382 | D:12     | Killed a cyclops
 10383 | D:12     | Reached XP level 12. HP: 63/63 MP: 13/13
 10545 | D:12     | Reached skill level 10 in Short Blades
 10545 | D:12     | Reached skill level 10 in Shields
 10905 | D:13     | Noticed a tengu warrior
 10915 | D:12     | Killed a tengu warrior
 11061 | D:13     | Noticed a centaur warrior
 11064 | D:13     | Reached skill level 1 in Dodging
 11078 | D:14     | Noticed a centaur warrior
 11084 | D:14     | HP: 2/63 [electric eel/bolt of electricity (3)]
 11085 | D:14     | Mangled by a water elemental

Illustrated notes

Levels and vault maps discovered:
D:1:      minmay_arrival_four_circles, layout_rooms,
          shapermc_ecumenical_altar_gd
D:2:      layout_basic
D:3:      layout_loops_corners, minmay_misc_feat_alley, kennysheep_another_room,
          uniq_natasha
D:4:      layout_loops_ring, gammafunk_temple_overflow_claw,
          minmay_temple_entry_butterflies, cheibrodos_sewer_entry_bend,
          bh_walls_and_bars, uniq_blork_the_orc
D:5:      nicolae_cairo_tiling_large, layout_basic, interstate_on_off,
          grunt_ministairs_6, uniq_duvessa, uniq_sigmund
D:6:      layout_loops_ring, serial_shops, shop,
          nicolae_ossuary_entry_catacombs, dk_vineyard_1
D:7:      layout_gridville, serial_glass, glass_columns_a, glass_columns_a,
          glass_columns_b, glass_columns_c, glass_columns_a, glass_columns_b,
          glass_columns_b, glass_columns_b, glass_columns_b, glass_columns_a,
          feat_on_display, minmay_strange_pillars, due_unseen_surprise,
          item_on_display_a
D:8:      layout_cave_pools, elyvilon_altar_4, amcnicky_altar_lugonu_corruption
D:9:      cheibrodos_frozen_isle, layout_cave_pods, uniq_pikel
D:10:     layout_irregular_city, erik_lair_dragon, orc_0_dummy, serial_shops,
          nicolae_shop_statue_plus
D:11:     layout_loops_cross, nzn_ghost_randoct
D:12:     layout_roguey
D:13:     layout_basic, nicolae_concentric_dashed_squares_wild
D:14:     layout_basic, david_vaults_5, grunt_decor_junction
Temple:   mainiacjoe_temple_bowtie_tessellation

Skill      XL: |  1  2  3  4  5  6  7  8  9 10 11 12 |
---------------+-------------------------------------+-----
Fighting       | 3 4 5 6 7 |  7.6
Short Blades   | 2 3 4 5 6 8 9 10 | 10.1
Armour         | 3 5 6 7 8 |  8.6
Shields        | 3 4 5 7 9 10 | 10.3
Evocations     | 1 |  1.5
Stealth        | 1 |  1.7
Dodging        | 1 |  1.0

Action                   |  1- 3 |  4- 6 |  7- 9 | 10-12 || total
-------------------------+-------+-------+-------+-------++-------
Melee: Rapier            |   114 |   122 |    15 |       ||   251
       Bite              |    32 |    29 |   216 |   273 ||   550
       Dagger            |       |       |   120 |       ||   120
       Short sword       |       |       |   459 |   706 ||  1165
Evoke: Wand              |       |       |     2 |    23 ||    25
  Use: Potion            |       |     2 |       |     1 ||     3
       Scroll            |       |       |     1 |    21 ||    22
 Stab: Paralysed         |       |       |     1 |     2 ||     3
       Invisible         |       |       |       |     1 ||     1
Armor: Scale mail        |    26 |       |       |       ||    26
       Leather armour    |     8 |    16 |       |       ||    24
       Plate armour      |       |    49 |   185 |   160 ||   394
Dodge: Dodged            |    50 |    30 |   106 |   105 ||   291
Block: Buckler           |    16 |    31 |   111 |    20 ||   178
       Tower shield      |       |       |       |   498 ||   498

Table legend: (Time is in decaauts)
 A = Elapsed time spent in this place.
 B = Non-inter-level travel time spent in this place.
 C = Inter-level travel time spent in this place.
 D = Time resting spent in this place.
 E = Time spent auto-exploring this place.
 F = Levels seen in this place.
 G = Mean time per level.
                   A        B        C        D        E       F      G
               +--------+--------+--------+--------+--------+-----+--------+
         Total |  10860 |  10443 |    417 |    335 |   7336 |  17 |  638.8 |
       Dungeon |   9823 |   9437 |    386 |    314 |   6778 |  14 |  701.6 |
        Temple |    244 |    213 |     31 |      0 |    203 |   1 |  244.0 |
         Sewer |    310 |    310 |      0 |      0 |    162 |   1 |  310.0 |
       Ossuary |    481 |    481 |      0 |     21 |    192 |   1 |  481.0 |
               +--------+--------+--------+--------+--------+-----+--------+

Top non-repeatable levels by time:
     D:9: 1001 daAuts
     D:5: 997 daAuts
     D:3: 994 daAuts
     D:4: 993 daAuts
    D:10: 843 daAuts
     D:2: 818 daAuts
     D:7: 803 daAuts
     D:6: 771 daAuts
    D:11: 700 daAuts
     D:8: 609 daAuts
    D:12: 607 daAuts
     D:1: 549 daAuts
 Ossuary: 481 daAuts
   Sewer: 310 daAuts
  Temple: 244 daAuts
